 Dungeon Crawl Stone Soup version 0.27.1-4-g1640c2035a (webtiles) character file.

Game seed: 10375015749863131147

65 ChickenMitten the Sneak (level 3, -13/33 HPs)
             Began as a Minotaur Delver on Nov 1, 2021.
             Mangled by an ogre (28 damage)
             ... on level 5 of the Dungeon.
             The game lasted 00:01:07 (607 turns).

ChickenMitten the Sneak (Minotaur Delver)            Turns: 607, Time: 00:01:07

Health: -13/33     AC:  3    Str: 17    XL:     3   Next: 92%
Magic:  2/2        EV: 12    Int:  7    God:
Gold:   13         SH:  0    Dex: 11    Spells: 2/2 levels left

rFire    . . .     SeeInvis .   a - +0 hand axe
rCold    . . .     Faith    .   (no shield)
rNeg     . . .     Spirit   .   b - +0 leather armour
rPois    .         Reflect  .   (helmet restricted)
rElec    .         Harm     .   (no cloak)
rCorr    .         Rampage  .   (no gloves)
Will     .....                  (no boots)
Stlth    ++........             (no amulet)
HPRegen  0.11/turn              (no ring)
MPRegen  0.08/turn              (no ring)

@: no status effects
A: horns 2, retaliatory headbutt
a: no special abilities


You were on level 5 of the Dungeon.
You visited 1 branch of the dungeon, and saw 1 of its levels.

You collected 13 gold pieces.

Inventory:

Hand Weapons
 a - a +0 hand axe (weapon)
Armour
 b - a +0 leather armour (worn)
Jewellery
 h - a +6 ring of strength
 i - a +6 ring of dexterity
Wands
 g - a wand of digging (3)
Scrolls
 c - a scroll of fog
 d - a scroll of magic mapping
 e - a scroll of fear
 j - a scroll of identify {unknown}
Potions
 f - a potion of haste


   Skills:
 + Level 4.1 Fighting
 + Level 2.8 Axes
 + Level 0.9 Armour
 + Level 2.3 Dodging
 + Level 5.0 Stealth


You had 2 spell levels left.
You didn't know any spells.
Your spell library was empty.

Dungeon Overview and Level Annotations

Branches:
Dungeon (5/15)
 Temple: D:4-7

Altars:


Innate Abilities, Weirdness & Mutations

You have a pair of horns on your head.
You reflexively headbutt those who attack you in melee.


Message History

You closely miss the iguana. You headbutt the iguana.
You kill the iguana!
Your Fighting skill increases to level 4!
You start resting.
HP restored.
There is a stone staircase leading down here.
Found a dagger.
A worm comes into view.
The helpless worm fails to defend itself.
You slash the worm! Your headbutt misses the worm.
The worm is heavily wounded.
The worm closely misses you.
You hit the worm.
The worm is heavily wounded.
You hit the worm. Your headbutt misses the worm.
The worm is severely wounded.
The worm bites you but does no damage.
You hit the worm. You headbutt the worm.
The worm is almost dead.
The worm bites you but does no damage.
You hit the worm.
You kill the worm!
Your Stealth skill increases to level 5!
No target in view!
You see here a worm corpse.
Found a scroll labelled UNLIRA DADOSEOWKE.
j - a scroll labelled UNLIRA DADOSEOWKE An orc, an orc priest and an orc wizard come into view.
The orc moves out of view.
An ogre comes into view. It is wielding a +0 giant spiked club.
The helpless ogre fails to defend itself.
You hit the ogre.
The ogre is lightly wounded.
The ogre hits you with a +0 giant spiked club!!
Ouch! That really hurt!
You hit the ogre.
The ogre is moderately wounded.
The ogre hits you with a +0 giant spiked club!!
Ouch! That really hurt!
You die...

#.# #.# ##.## #.#
....## #.# ... o.
#.# ... o### #.#
#.# ..# #O# #.#
#.#
#@########.#####..
#...............#.
###############.#.
#.#. #... #...
#... ##.. #..


You could see an ogre.

Vanquished Creatures
  A bullfrog zombie (D:5)
  An iguana (D:5)
  A worm (D:5)
  An orc (D:5)
4 creatures vanquished.

Notes
Turn   | Place    | Note
-------+----------+-------------------------------------------
     0 | D:5      | ChickenMitten the Minotaur Delver began the quest for the
                  | Orb.
     0 | D:5      | Reached XP level 1. HP: 19/19 MP: 0/0
   114 | D:5      | Reached XP level 2. HP: 15/27 MP: 1/1
   114 | D:5      | Reached XP level 3. HP: 18/33 MP: 2/2
   289 | D:5      | Noticed an ogre
   559 | D:5      | Reached skill level 5 in Stealth
   604 | D:5      | Noticed an ogre
   607 | D:5      | Mangled by an ogre

Illustrated notes

Levels and vault maps discovered:
D:5:      layout_loops_ring, nicolae_shop_gadgets

Skill      XL: |  1  2  3 |
---------------+----------+-----
Fighting       | 4 |  4.1
Stealth        | 5 |  5.0
Axes           | |  2.8
Armour         | |  0.9
Dodging        | |  2.3

Action                   || total
-------------------------++-------
Melee: Hand axe          ||    23
       Headbutt          ||     5
 Stab: Sleeping          ||     2
Armor: Leather armour    ||     4
Dodge: Dodged            ||     9
